 Dungeon Sprint DCSS version 0.22.1-1-ga44c0e56f4 (webtiles) character file.

3644 MuseOD the Unseen (level 9, 0/75 HPs)
             Began as a Spriggan Enchanter on Sept 23, 2018.
             Was an Elder of Dithmenos.
             Slain by a killer bee (15 damage)
             ... in the Dungeon (Sprint III: "The Ten Rune Challenge").
             The game lasted 00:03:12 (776 turns).

MuseOD the Unseen (Spriggan Enchanter)               Turns: 776, Time: 00:03:12

Health: 0/75       AC:  2    Str:  9    XL:     9   Next: 88%
Magic:  3/24       EV: 18    Int: 19    God:    Dithmenos [****..]
Gold:   38         SH:  0    Dex: 17    Spells: 17/29 levels left

rFire    . . .     SeeInvis +   k - +2 dagger (venom)
rCold    . . .     Gourm    .   (shield restricted)
rNeg     . . .     Faith    .   u - +0 robe {MR+}
rPois    .         Spirit   .   (helmet restricted)
rElec    .         Reflect  .   (no cloak)
rCorr    .         Harm     .   (gloves unavailable)
MR       ++...     NoTele   +   (boots unavailable)
Stlth    ..........             (no amulet)
HPRegen  0.22/turn              (no ring)
MPRegen  0.19/turn              (no ring)

@: berserking, lethally poisoned (0 -> -3), wreathed by umbra, very quick
A: very small, unfitting armour, see invisible, herbivore, speed 3, slow
metabolism 2
a: Shadow Step, Renounce Religion


You were in the Dungeon.
You worshipped Dithmenos.
Dithmenos was greatly pleased with you.
You were not hungry.

You visited 1 branch You collected 38 gold pieces.

Inventory:

Hand Weapons
 a - a +1 dagger
 k - a +2 dagger of venom (weapon)
Armour
 b - a +0 robe
 u - a +0 robe of magic resistance (worn)
Wands
 t - a wand of polymorph (11)
Scrolls
 c - a scroll of fog {unknown}
 j - a scroll of blinking
 m - a scroll of torment {unknown}
 n - 3 scrolls of identify
 o - a scroll of fear {unknown}
 q - a scroll of holy word {unknown}
 r - a scroll of remove curse {unknown}
Potions
 g - a potion of haste
 h - 2 potions of magic
 i - a potion of berserk rage
 l - 6 potions of mutation
 p - a potion of flight {unknown}
 s - 2 potions of might
Comestibles
 d - 4 rations


   Skills:
 - Level 7.3 Fighting
 - Level 13.1 Short Blades
 - Level 3.0 Dodging
 + Level 18.1 Stealth
 + Level 10.8 Spellcasting
 + Level 11.1 Hexes


You had 17 spell levels left.
You knew the following spells:

 Your Spells              Type           Power        Failure   Level  Hunger
a - Corona                Hex            ######.      1%          1    None
b - Ensorcelled Hibernat  Hex/Ice        ####..       1%          2    None
c - Confuse               Hex            ######..     1%          3    None
d - Tukima's Dance        Hex            ######..     1%          3    None
e - Dazzling Spray        Conj/Hex       ####..       1%          3    None

Your spell library contained the following spells:

 Spells                   Type           Power        Failure   Level  Hunger
 Slow                     Hex            ######..     1%          2    None
 Magic Dart               Conj           ##..         7%          1    None
 Blink                    Tloc           N/A          11%         2    None
 Call Imp                 Summ           ##......     11%         2    None
 Conjure Flame            Conj/Fire      ##......     21%         3    None
 Mephitic Cloud           Conj/Pois/Air  ##......     21%         3    None


Dungeon Overview and Level Annotations

Branches:
Dungeon (1/1)

Altars:
Dithmenos
Elyvilon
Kikubaaqudgha
Okawaru
Ru
Sif Muna
Trog
Uskayaw
Vehumet
Wu Jian
Yredelemnul
Zin
The Shining One
Beogh


Innate Abilities, Weirdness & Mutations

You are very small and have problems with some larger weapons.
You are too small for most types of armour.
You have supernaturally acute eyesight. (SInv)
You are a herbivore.
You cover ground extremely quickly.
You need to consume almost no food.


Message History

The killer bee completely misses you.
You hear an angry buzzing noise.
The killer bee rages.
You closely miss the killer bee.
The killer bee is almost dead.
You hear an angry buzzing noise.
The killer bee misses you.
You miss the killer bee.
The killer bee is almost dead.
You feel sick.
You kill the killer bee!
Dithmenos accepts your kill.
You completely miss the killer bee.
The killer bee is lightly wounded.
The killer bee stings you.
* * * LOW HITPOINT WARNING * * *
You miss the killer bee.
The killer bee is lightly wounded.
The killer bee stings you!
You die...

########################
≈'.#.).).'.#.#.#@yyyyyy#
§#.#(#...##.#.#.##yyyy≈#
§#.#.#...#.#.#.#.# yy≈≈≈
§#...#.).##.#.#.## yy≈≈
▓▓▓▓▓▓▓▓▓#.#.#.#.# y%.
##.#.#.## %. +.#.#.#.# .
##.#.#.## #+#####


You could see a queen bee and 14 killer bees.

Vanquished Creatures
  Josephine (D)
  A centaur warrior (D)
  An unseen horror (D)
  A deep elf mage (D)
  A shadow (D)
  A necrophage (D)
  2 centaurs (D)
  An earth elemental (D)
  A water elemental (D)
  6 killer bees (D)
  A jelly (D)
  Crazy Yiuf (D)
  Jessica (D)
  A wizard (D)
  A necromancer (D)
  3 humans (D)
  A kobold demonologist (D)
  2 oozes (D)
  A rat (D)
28 creatures vanquished.

Vanquished Creatures (others)
  2 draconian scorchers (D)
  6 hellions (D)
  A yaktaur (D)
  A killer bee (D)
  6 plants (D)
16 creatures vanquished.

Grand Total: 44 creatures vanquished

Notes
Turn   | Place    | Note
-------+----------+-------------------------------------------
     0 | D        | MuseOD the Spriggan Enchanter began the quest for the Orb.
     0 | D        | Reached XP level 1. HP: 9/9 MP: 5/5
     9 | D        | Reached skill level 1 in Fighting
     9 | D        | Reached skill level 5 in Stealth
    11 | D        | Reached XP level 2. HP: 14/14 MP: 6/6
    15 | D        | Learned a level 2 spell: Ensorcelled Hibernation
    27 | D        | Noticed Jessica
    33 | D        | Killed Jessica
    33 | D        | Reached skill level 6 in Stealth
    33 | D        | Reached XP level 3. HP: 19/19 MP: 8/8
    69 | D        | Noticed Crazy Yiuf
    72 | D        | Killed Crazy Yiuf
    72 | D        | Reached skill level 5 in Short Blades
    72 | D        | Reached skill level 7 in Stealth
    75 | D        | Reached XP level 4. HP: 24/24 MP: 6/9
    93 | D        | Learned a level 3 spell: Confuse
   107 | D        | Noticed a water elemental
   110 | D        | Killed a water elemental
   110 | D        | Reached skill level 9 in Stealth
   110 | D        | Reached XP level 5. HP: 29/29 MP: 10/10
   114 | D        | Killed a yaktaur
   118 | D        | Found a basalt altar of Yredelemnul.
   118 | D        | Found a shadowy altar of Dithmenos.
   118 | D        | Found a sacrificial altar of Ru.
   118 | D        | Noticed a necrophage
   133 | D        | Killed a hellion
   133 | D        | Killed a hellion
   155 | D        | Killed a hellion
   156 | D        | Killed a hellion
   166 | D        | Killed a hellion
   172 | D        | Killed a white draconian scorcher
   228 | D        | Killed a white draconian scorcher
   249 | D        | Killed a hellion
   311 | D        | Found a roughly hewn altar of Beogh.
   311 | D        | Noticed a human
   312 | D        | Found an ornate altar of the Wu Jian Council.
   312 | D        | Noticed a human
   314 | D        | Found a hide-covered altar of Uskayaw.
   314 | D        | Found an iron altar of Okawaru.
   314 | D        | Found a bloodstained altar of Trog.
   317 | D        | Killed a human
   317 | D        | Reached skill level 5 in Fighting
   317 | D        | Reached skill level 10 in Short Blades
   317 | D        | Reached skill level 10 in Stealth
   317 | D        | Reached XP level 6. HP: 28/35 MP: 11/11
   318 | D        | Killed a human
   318 | D        | Reached skill level 11 in Stealth
   337 | D        | Became a worshipper of Dithmenos the Shadowed
   344 | D        | Reached skill level 12 in Stealth
   344 | D        | Reached XP level 7. HP: 35/40 MP: 0/12
   350 | D        | Found a glowing silver altar of Zin.
   350 | D        | Found a glowing golden altar of the Shining One.
   350 | D        | Found a white marble altar of Elyvilon.
   350 | D        | Noticed a deep elf mage
   404 | D        | Killed a deep elf mage
   404 | D        | Reached skill level 13 in Stealth
   404 | D        | Reached XP level 8. HP: 46/46 MP: 0/13
   503 | D        | Found a radiant altar of Vehumet.
   503 | D        | Found a deep blue altar of Sif Muna.
   503 | D        | Found an ancient bone altar of Kikubaaqudgha.
   505 | D        | Reached * piety under Dithmenos
   527 | D        | Learned a level 3 spell: Tukima's Dance
   531 | D        | Learned a level 3 spell: Dazzling Spray
   547 | D        | Reached skill level 14 in Stealth
   551 | D        | Reached ** piety under Dithmenos
   551 | D        | Reached skill level 5 in Hexes
   558 | D        | Noticed Josephine
   560 | D        | Killed Josephine
   560 | D        | Reached skill level 15 in Stealth
   560 | D        | Reached XP level 9. HP: 50/50 MP: 14/21
   572 | D        | Reached skill level 16 in Stealth
   577 | D        | Noticed a centaur warrior
   588 | D        | Killed a centaur warrior
   588 | D        | Reached *** piety under Dithmenos
   588 | D        | Reached skill level 17 in Stealth
   588 | D        | Reached skill level 10 in Hexes
   723 | D        | Noticed an unseen horror
   725 | D        | Killed an unseen horror
   725 | D        | Reached skill level 10 in Spellcasting
   737 | D        | Noticed a queen bee
   743 | D        | Reached **** piety under Dithmenos
   752 | D        | Reached skill level 18 in Stealth
   776 | D        | Slain by a killer bee

Skill      XL: |  1  2  3  4  5  6  7  8  9 |
---------------+----------------------------+-----
Fighting       | 1 2 3 5 6 7 |  7.3
Short Blades   | 3 4 6 7 10 11 13 | 13.1
Stealth        | 5 6 7 9 10 12 13 15 18 | 18.1
Spellcasting   | 7 10 | 10.8
Hexes          | 8 11 | 11.1
Dodging        | |  3.0

Action                   |  1- 3 |  4- 6 |  7- 9 || total
-------------------------+-------+-------+-------++-------
Melee: Dagger            |     7 |     7 |    41 ||    55
 Cast: Ensorcelled Hiber |     1 |     2 |     7 ||    10
       Confuse           |       |     5 |    10 ||    15
  Use: Potion            |       |       |     3 ||     3
 Stab: Sleeping          |     5 |     4 |     9 ||    18
       Confused          |       |     1 |     5 ||     6
Armor: Robe              |       |       |     1 ||     1
Dodge: Dodged            |     1 |     6 |    36 ||    43
